Unix NetHack Version 5.0.0-0 post-release - last build Jun 10 2026 00:39:30 (3ee93aec679c4c4259841fe613dc97188e26a321,branch:main).

Game began 2026-06-24 14:24:07, ended 2026-06-24 18:51:01.

Ch3Begorrah, chaotic male human Rogue

                                               ---
                                             ---.--.   ---
                                            ..........-->.|---
                                           ............@..|..-----
                                          -.....-.............--<--
                                         ...........--.---........|
                                        ....... ....|--- ---.....-|
                                       ---..--             |......|
                                      --.....             --.....--
                                      |..---            ---...----
                             ------....^--            --......-----------
                            ....--......|       -------.....(()......|..--
                            --..........---------..--........)----.......--
                            .........0...................*....|  ------...--
                           |..........---------------.........|       |..).|
                          --.......- -             --..*.....--       --...|
                          |........|              --.........|         --..|
                          |...----.------         |........---          ----
                          --.--  |...|..|         |.)......|
                            -    ---....|         --..--..--
                                   ------          --------
Ch3Begorrah the Rogue   St:13 Dx:18 Co:14 In:15 Wi:13 Ch:10  Chaotic
Dlvl:6  $:19 HP:0(55) Pw:29(29) AC:1  Xp:8 T:9851  Blind

Latest messages:
 You hear some noises.
 You hear some noises in the distance.
 You hear some noises in the distance.
 You hear someone praising Kos.
 You climb up the stairs.
 You are momentarily blinded by a flash of light!
 You hear a deafening roar!
 What do you want to use or apply? [bdeiopBEFMPQTUWY or ?*] U
 Nothing seems to happen.
 It hits!
 It kicks!
 It misses!
 It kicks!
 It bites!
 What do you want to use or apply? [bdeiopBEFMPQTUWY or ?*] U
 You can hear again.
 Kaablamm!  You hear an explosion in the distance!
 It hits!
 It misses!
 It just misses!
 It misses!
 It kicks!
 It bites!
 What do you want to use or apply? [bdeiopBEFMPQTUWY or ?*] U
 Nothing seems to happen.
 It is hit.
 It misses!
 It misses!
 It misses!
 It kicks!
 It bites!
 What do you want to use or apply? [bdeiopBEFMPQTUWY or ?*] U
 Nothing seems to happen.
 It hits!
 It hits!
 It kicks!
 It bites!
 Wait!  There's something there you can't see!
 It hits!
 It hits!
 It misses!
 It misses!
 It misses!
 What do you want to write with? [- bdioprsuABDFIMQ-T or ?*] o
 The wand is too worn out to engrave.
 It hits!
 It misses!
 It hits!
 You die...
 Do you want your possessions identified? [ynq] (y) q

Inventory:
 Coins    ('$')
  $ - 19 gold pieces
 Weapons  (')')
  r - 5 blessed +1 daggers named good (at the ready)
  u - 4 +0 daggers
  s - a blessed +1 elven dagger named Good (weapon in right hand)
 Armor    ('[')
  h - a blessed +0 orcish helm (being worn)
  a - a cursed burnt +0 pair of leather gloves named cursed (being worn)
  f - an uncursed +0 pair of iron shoes (being worn)
  x - an uncursed +0 cloak of protection (being worn)
  c - an uncursed +1 leather armor (being worn)
 Comestibles  ('%')
  L - an uncursed lizard corpse
 Scrolls  ('?')
  g - an uncursed scroll of earth named ok
  G - 3 uncursed scrolls of light
 Rings    ('=')
  S - an uncursed ring of free action
  A - an uncursed ring of see invisible
  R - an uncursed ring of slow digestion (on left hand)
  D - an uncursed ring of teleport control named ok
  I - an uncursed ring of warning named ok
 Wands    ('/')
  b - a wand of digging (0:1)
  d - a wand of fire (0:4)
  i - a blessed wand of light (0:2)
  Q - a wand of lightning (0:4)
  o - a wand of lightning (0:0)
  M - a wand of make invisible (0:7)
  T - a wand of make invisible (0:4)
  B - a wand of sleep (0:4)
  p - a wand of speed monster (0:0)
 Tools    ('(')
  P - an uncursed bag of holding containing 14 items
  Y - a can of grease (0:21)
  e - an uncursed lock pick
  W - an uncursed magic whistle
  E - an uncursed oil lamp
  F - an uncursed towel named ok
  U - a +0 unicorn horn

Contents of the bag of holding:
  2 +0 daggers
  4 uncursed food rations
  a cursed scroll of earth
  an uncursed scroll of earth named ok
  an uncursed potion of water named Unc
  an uncursed potion of fruit juice
  an uncursed potion of gain energy
  a cursed potion of acid
  an uncursed potion of see invisible
  an uncursed potion of object detection
  an uncursed potion of sickness
  a wand of light (0:11)
  an uncursed partly used wax candle
  a +0 pick-axe

Ch3Begorrah the Rogue's attributes:

Background:
 You were a Rogue, level 8 male human.
 You were chaotic, nominally on a mission for Kos
 who was opposed by Issek (lawful) and Mog (neutral).
 You were right-handed.
 You were in the Gnomish Mines, on level 6.
 You entered the dungeon 9851 turns ago.
 You had 2083 experience points, 477 more were needed to attain level 9.

Basics:
 You had 0 out of 55 hit points.
 You had all 29 energy points (spell power).
 Your armor class was 1.
 Your wallet contained 19 zorkmids.
 Autopickup was on for '$!/(' plus thrown, with exceptions.

Final Characteristics:
 Your strength was 13 (limit:18/100).
 Your dexterity was 18 (limit:18).
 Your constitution was 14 (limit:18).
 Your intelligence was 15 (limit:18).
 Your wisdom was 13 (limit:18).
 Your charisma was 10 (limit:18).

Final Status:
 You were temporarily blind.
 You weren't hungry.
 You were unencumbered.
 You were wielding a dagger.
 You were skilled in dagger and could have enhanced that.

Final Attributes:
 You were piously aligned.
 You were poison resistant.
 You were stealthy.
 You had slower digestion.
 You were protected.
 You are dead.

Miscellaneous:
 You didn't encounter any bones levels.
 Total elapsed playing time was 2 hours and 12 minutes.

Major events:
 Turn
    1: Ch3Begorrah the chaotic male human Rogue entered the dungeon
 1129: attained the rank of Cutpurse (level 3)
 1828: entered the Gnomish Mines
 4111: attained the rank of Rogue (level 6)
 4750: entered Sokoban
 6177: entered the Bigroom
 7945: reached Mine Town
 9851: killed by a gnome

You didn't know any spells.

Skills:
 Fighting Skills
   bare handed combat [Unskilled]
   two weapon combat  [Unskilled]
   riding             [Unskilled]
 Weapon Skills
   dagger             [Skilled]
   knife              [Unskilled]
   short sword        [Basic]
   broadsword         [Unskilled]
   long sword         [Unskilled]
   two-handed sword   [Unskilled]
   saber              [Unskilled]
   club               [Unskilled]
   mace               [Unskilled]
   morning star       [Unskilled]
   flail              [Unskilled]
   hammer             [Unskilled]
   polearms           [Unskilled]
   spear              [Unskilled]
   crossbow           [Unskilled]
   dart               [Unskilled]
   shuriken           [Unskilled]
 Spellcasting Skills
   divination spells  [Unskilled]
   escape spells      [Unskilled]
   matter spells      [Unskilled]

Voluntary challenges:
 Character rerolling was not enabled.
 You followed a strict vegan diet.
 You were an atheist.
 You never genocided any monsters.
 You never polymorphed an object.
 You never changed form.
 You used no wishes.
 You did not violate any of the special Sokoban rules.
Achievements:
 You entered a shop.
 You attained the rank of Cutpurse.
 You entered the Gnomish Mines.
 You attained the rank of Rogue.
 You entered Sokoban.
 You entered the Big Room.
 You entered Minetown.
 You entered a temple.

 The Dungeons of Doom: levels 1 to 11
    Level 1:
       A fountain, a grave.
    Level 2:
       A weapon shop.
    Level 3:
       Some fountains.
    Level 4:
       An altar.
       Stairs down to The Gnomish Mines.
    Level 5: "Scare Monster, cursed"
       A general store, a grave.
    Level 6: "SB chest"
       A fountain.
    Level 7:
       A general store, a fountain.
    Level 8:
       Many fountains.
       Oracle of Delphi.
    Level 9: "1sb chest"
       Stairs up to Sokoban, level 8.
    Level 10:
       A fountain.
    Level 11:
       A very big room.
 The Gnomish Mines: levels 5 to 8
    Level 5:
    Level 6: <- You were here.
       Final resting place for
          you, killed by a gnome.
    Level 7:
       Many shops, a temple and an altar to Kos, some fountains.
    Level 8:
 Sokoban: levels 8 up to 7
    Level 7:
       Unsolved.
    Level 8:
       Unsolved.


Vanquished creatures:
  2 small mimics
  a gelatinous cube
  a leather golem
  2 giant beetles
  a lynx
  a leprechaun
  a horse
  3 black lights
  2 vampire bats
 an orc mummy
 an ogre
 an owlbear
  2 yetis
  a werewolf
  a lizard
  a dwarf leader
  a white unicorn
  a dust vortex
  a raven
  a plains centaur
  a snake
  a rope golem
  a wood nymph
  2 water nymphs
 an orc shaman
  4 rock piercers
  2 rock moles
  a pony
  2 shriekers
  a violet fungus
  4 gnome leaders
  3 gnomish wizards
  a kobold mummy
  2 gray oozes
  9 elf zombies
  5 giant ants
  2 floating eyes
  6 dwarves
  a homunculus
  a kobold leader
 11 hill orcs
  a rothe
  a rabid rat
  4 centipedes
  a giant bat
  a monkey
 an orc zombie
  a wererat
  3 iguanas
  5 killer bees
 an acid blob
  a gas spore
  5 hobbits
 11 manes
  2 large kobolds
  a hobgoblin
  3 giant rats
  5 cave spiders
 21 gnomes
  6 garter snakes
  a gnome zombie
  3 geckos
 14 jackals
  a kobold
  2 goblins
  6 sewer rats
  9 grid bugs
  4 lichens
  a kobold zombie
  9 newts
211 creatures vanquished.

No species were genocided or became extinct.

Game over:
                       ----------
                      /          \
                     /    REST    \
                    /      IN      \
                   /     PEACE      \
                  /                  \
                  |   Ch3Begorrah    |
                  |      19 Au       |
                  |   killed by a    |
                  |      gnome       |
                  |                  |
                  |                  |
                  |       2026       |
                 *|     *  *  *      | *
        _________)/\\_//(\/(/\)/\//\/|_)_______

Goodbye Ch3Begorrah the Rogue...

You died in The Gnomish Mines on dungeon level 6 with 8970 points,
and 19 pieces of gold, after 9851 moves.
You were level 8 with a maximum of 55 hit points when you died.

